 Dungeon Crawl Stone Soup version 0.26-a0-64-g059e62fbdb (webtiles) character file.

Game seed: 8287413520396302621

409 MisterFreud the Changer (level 6, 0/47 HPs)
             Began as a Draconian Transmuter on June 10, 2020.
             Was an Initiate of Ru.
             Slain by a bullfrog skeleton (6 damage)
             ... on level 5 of the Dungeon.
             The game lasted 00:17:17 (4390 turns).

MisterFreud the Changer (Draconian Transmuter)      Turns: 4390, Time: 00:17:17

Health: 0/47       AC: -2    Str: 18    XL:     6   Next: 58%
Magic:  4/10       EV: 19    Int: 14    God:    Ru [......]
Gold:   204        SH:  0    Dex: 18    Spells: 5/11 levels left

rFire    . . .     SeeInvis .     - Unarmed
rCold    . . .     Gourm    .   (shield currently unavailable)
rNeg     . . .     Faith    .   (armour unavailable)
rPois    x         Spirit   .   (helmet currently unavailable)
rElec    .         Reflect  .   (cloak currently unavailable)
rCorr    .         Harm     .   (gloves currently unavailable)
MR       .....                  (boots currently unavailable)
Stlth    ++........             (no amulet)
HPRegen  0.15/turn              f - +6 ring of strength
MPRegen  0.12/turn              (no ring)

@: spider-form, corroded
A: tiny, unfitting armour, AC +6
a: End Transformation, Renounce Religion


You were on level 5 of the Dungeon.
You worshipped Ru.
Ru was noncommittal.
You were not hungry.
You were a venomous arachnid creature.
You visited 1 branch of the dungeon, and saw 5 of its levels.

You collected 204 gold pieces.

Inventory:

Missiles
 a - 73 arrows
 g - 123 stones
 j - 30 poisoned darts (quivered)
 p - 50 bolts
 s - 24 sling bullets
Armour
 b - a +0 pair of gloves (melded)
 d - a +0 buckler (melded)
Jewellery
 f - a +6 ring of strength (left front leg)
Wands
 k - a wand of acid (8)
 q - a wand of iceblast (3)
Scrolls
 i - 4 scrolls of remove curse
 n - a scroll of immolation {unknown}
 t - a scroll of enchant weapon {unknown}
 u - 2 scrolls of fog {unknown}
 x - a scroll of amnesia {unknown}
Potions
 e - a potion of brilliance
 h - 3 potions of heal wounds
 l - a potion of ambrosia
 m - 2 potions of might
 o - a potion of flight {unknown}
 r - a potion of haste
 v - 2 potions of curing {unknown}
Comestibles
 c - 10 rations
 w - 3 chunks of flesh


   Skills:
 - Level 1.1 Fighting
 - Level 1.7 Dodging
 - Level 4.0 Shields
 - Level 3.0 Unarmed Combat
 + Level 3.0 Spellcasting
 + Level 5.0 Transmutations


You had 5 spell levels left.
You knew the following spells:

 Your Spells              Type           Power        Failure   Level  Hunger
a - Beastly Appendage     Tmut           ###...       10%         1    #......
b - Sticks to Snakes      Tmut           ###.....     13%         2    ##.....
c - Spider Form           Tmut/Pois      #.........   43%         3    ###....

Your spell library contained the following spells:

 Spells                   Type           Power        Failure   Level  Hunger
 Ice Form                 Ice/Tmut       #.......     78%         4    #####..
 Blade Hands              Tmut           ###.......   78%         5    ######.


Dungeon Overview and Level Annotations

Branches:
Dungeon (5/15)             Temple (0/1) D:4

Altars:
Gozag
Ru

Shops:
D:5 *


Innate Abilities, Weirdness & Mutations

((Your plain brown scales are hard. (AC +6)))
You cannot fit into any form of body armour.
((You are cold-blooded and may be slowed by cold attacks.))


Message History

The bullfrog skeleton is heavily damaged.
The bullfrog skeleton barely misses you.
Unknown command.
Unknown command.
Casting: Spider Form (dangerous; 22% risk of failure)
Confirm with . or Enter, or press ? or * to list all spells.
You turn into a venomous arachnid creature.
Your +0 pair of gloves melds into your body.
Your +0 buckler melds into your body.
The bullfrog skeleton hits you.
Unknown command.
You hit the bullfrog skeleton.
The bullfrog skeleton is severely damaged.
The bullfrog skeleton hits you.
* * * LOW HITPOINT WARNING * * *
You hit the bullfrog skeleton.
The bullfrog skeleton is almost destroyed.
The bullfrog skeleton hits you.
* * * LOW HITPOINT WARNING * * *
The bullfrog skeleton hits you.
You die...

>.###.###..#
...Z.......####
..........!....
#######.#.#####
#.# # #.# #.# #Z#
################s#
.................#
##################
##### #.... #
##.###


You could see a bullfrog skeleton.

Vanquished Creatures
  An ogre (D:5)
  A scorpion (D:5)
  A hound (D:5)
  A jelly (D:5)
  An orc wizard (D:4)
  3 worker ants
  4 adders
  An ooze (D:2)
  3 worms
  3 leopard geckos
  2 orcs (D:3)
  A ball python (D:5)
  2 giant cockroaches (D:1)
  4 hobgoblins
  6 jackals
  10 kobolds
  3 quokkas
  4 bats
  3 frilled lizards (D:1)
  2 goblins
  A leopard gecko skeleton (D:4)
  4 rats
61 creatures vanquished.

Vanquished Creatures (collateral kills)
  A crimson imp (D:5)
  A dart slug (D:2)
  A giant cockroach (D:4)
3 creatures vanquished.

Grand Total: 64 creatures vanquished

Notes
Turn   | Place    | Note
-------+----------+-------------------------------------------
     0 | D:1      | MisterFreud the Draconian Transmuter began the quest for
                  | the Orb.
     0 | D:1      | Reached XP level 1. HP: 16/16 MP: 3/3
   391 | D:1      | Reached XP level 2. HP: 23/23 MP: 3/5
   395 | D:1      | Learned a level 2 spell: Sticks to Snakes
   948 | D:1      | Reached skill level 1 in Shields
  1123 | D:2      | Reached XP level 3. HP: 15/28 MP: 0/6
  1391 | D:2      | Reached skill level 3 in Transmutations
  1786 | D:2      | Learned a level 3 spell: Spider Form
  2554 | D:3      | Reached XP level 4. HP: 31/35 MP: 5/7
  2827 | D:4      | Found a sacrificial altar of Ru.
  2853 | D:4      | Became a worshipper of Ru the Awakened
  2875 | D:4      | Found a staircase to the Ecumenical Temple.
  3153 | D:4      | Reached skill level 4 in Transmutations
  3153 | D:4      | Reached XP level 5. HP: 32/40 MP: 5/9
  3742 | D:5      | Entered Level 5 of the Dungeon
  3742 | D:5      | Noticed an ogre
  3961 | D:5      | Killed an ogre
  3961 | D:5      | Reached skill level 5 in Transmutations
  3961 | D:5      | Reached XP level 6. HP: 47/47 MP: 6/10
  4264 | D:5      | Found an opulent altar of Gozag.
  4270 | D:5      | Found Gozag's Platinum Reserve.
  4390 | D:5      | Slain by a bullfrog skeleton

Illustrated notes

Levels and vault maps discovered:
D:1:      dpeg_arrival_arbitrary_b, layout_basic
D:2:      layout_basic
D:3:      layout_basic, grunt_decor_mini_mirrors
D:4:      layout_rooms, minmay_temple_entry_large_hall, first_ration,
          nicolae_ru_great_annihilating_truth
D:5:      layout_loops_ring, nicolae_gozag_zags_fifth_avenue

Skill      XL: |  1  2  3  4  5  6 |
---------------+-------------------+-----
Shields        | 1 2 3 4 |  4.0
Transmutations | 3 4 5 |  5.0
Spellcasting   | 3 |  3.0
Fighting       | |  1.1
Dodging        | |  1.7
Unarmed Combat | |  3.0

Action                   |  1- 3 |  4- 6 || total
-------------------------+-------+-------++-------
Melee: Unarmed           |   127 |   109 ||   236
       Headbutt          |     6 |     7 ||    13
       Tailslap          |     7 |     9 ||    16
       Kick              |     8 |     3 ||    11
       Punch             |     1 |     1 ||     2
Throw: Dart              |     1 |       ||     1
 Cast: Beastly Appendage |    27 |    15 ||    42
       Sticks to Snakes  |     7 |     7 ||    14
       Spider Form       |       |     6 ||     6
 Abil: End Transformatio |       |     3 ||     3
  Use: Scroll            |     5 |     2 ||     7
 Stab: Paralysed         |       |     2 ||     2
       Distracted        |       |     1 ||     1
  Eat: Chunk             |     6 |     4 ||    10
       Ration            |       |     1 ||     1
Armor: Skin              |    24 |    31 ||    55
Dodge: Dodged            |    94 |    68 ||   162
Block: Buckler           |       |     6 ||     6

Table legend:
 A = Non-vault XP
 B = Vault XP
 C = Vault XP percentage of total XP
 D = Non-vault monster count
 E = Vault monster count
 F = Vault count percentage of total count
                 A         B        C        D         E       F
            +---------+---------+-------+---------+---------+-------
      Total |     545 |      40 |   6.8 |      60 |       4 |   6.2
            +---------+---------+-------+---------+---------+-------
        D:1 |      34 |       0 |   0.0 |      21 |       0 |   0.0
        D:2 |      39 |       0 |   0.0 |       8 |       0 |   0.0
        D:3 |      39 |       0 |   0.0 |      13 |       0 |   0.0
        D:4 |      86 |      40 |  31.7 |      11 |       4 |  26.7
        D:5 |     347 |       0 |   0.0 |       7 |       0 |   0.0
            +---------+---------+-------+---------+---------+-------
